Flyers vs Predators
Created - March 29, 2018 at 23:57
Goals
|
| Flyers |
3 |
2 |
1 |
6 |
| Predators |
3 |
1 |
1 |
5 |
|
Shots
|
| Flyers |
15 |
11 |
12 |
38 |
| Predators |
15 |
14 |
5 |
34 |
|
1st period
1. Flyers , Jaromir Jagr 29 (Jeff Woywitka 33, Jeff Carter 53) at 1:29 (PP)
2. Flyers , Jakub Voracek 32 (Drew Miller 24, Tom Poti 10) at 3:47
3. Predators , Marc Savard 12 (James Van Riemsdyk 15, Alexander Edler 41) at 4:32
4. Predators , Niclas Bergfors 26 (Mikael Granlund 17) at 6:25 (PP)
5. Flyers , Dany Heatley 18 (Jeff Carter 54) at 17:35
6. Predators , Niclas Bergfors 27 (Alexander Ovechkin 49, Mikael Granlund 18) at 19:48 (PP)
Penalties :
Mikael Granlund (Nas) for Holding (Minor) at 1:25, Jakub Voracek (Phi) for Holding (Minor) at 6:22, Ryan Kesler (Nas) for Holding (Minor) at 7:01, Jeff Woywitka (Phi) for Hooking (Minor) at 19:41
2nd period
7. Flyers , Kyle Wellwood 18 (Jakub Voracek 40, Oliver Ekman-Larsson 17) at 8:54
8. Flyers , Mats Zuccarello 15 (J.T. Miller 18, Dany Heatley 29) at 15:23
9. Predators , Ryan Kesler 30 (Alexander Ovechkin 50) at 19:36
Penalties :
No Penalty
3rd period
10. Flyers , Jakub Voracek 33 (Brian McGrattan 16, Chris Mcallister 11) at 11:49
11. Predators , Ryan Kesler 31 (Alexander Steen 18) at 14:31 (PP)
Penalties :
Brian McGrattan (Phi) for Boarding (Minor) at 5:10, Oliver Ekman-Larsson (Phi) for Roughing (Minor) at 13:05, Jeff Woywitka (Phi) for Hooking (Minor) at 14:27
Goalie Stats
Cory Schneider (Phi), 29 saves from 34 shots - (0.853), W, 15-13-6, 60:00 minutes
Viktor Fasth (Nas), 19 saves from 24 shots - (0.792), 35:23 minutes
Chad Johnson (Nas), 13 saves from 14 shots - (0.929), L, 7-8-1, 24:37 minutes
Players Stats for Flyers
Player Name G A P +/- PIM S H SB GA TA FO MP PP MP PK MP
------------------------------------------------------------------------------------
Brian McGrattan 0 1 1 -1 2 3 0 1 0 0 0/0 11:45 0:00 0:00
Chris Mcallister 0 1 1 -1 0 0 4 1 0 0 0/0 11:17 0:00 0:00
Dany Heatley 1 1 2 0 0 10 1 0 0 0 2/3 22:32 1:14 3:37
Drew Miller 0 1 1 3 0 0 0 0 0 0 1/2 16:37 0:49 1:24
J.T. Miller 0 1 1 1 0 2 1 0 0 0 0/0 9:30 0:00 0:25
Jakub Voracek 2 1 3 3 2 4 1 0 2 0 0/0 15:12 0:49 0:00
Jaromir Jagr 1 0 1 0 0 3 2 1 0 0 1/1 19:47 1:14 1:24
Jeff Carter 0 2 2 0 0 2 1 0 0 0 21/37 21:44 1:14 3:21
Jeff Woywitka 0 1 1 1 4 2 0 2 1 2 0/0 25:22 1:05 2:07
Jonathan Ericsson 0 0 0 1 0 3 3 0 0 1 0/0 26:09 1:05 3:25
Kyle Wellwood 1 0 1 3 0 1 1 1 0 0 8/11 15:13 0:49 0:00
Marcus Kruger 0 0 0 1 0 1 1 1 0 0 2/4 8:36 0:00 0:00
Mats Zuccarello 1 0 1 1 0 4 0 0 1 0 0/0 8:36 0:00 0:00
Matt Smaby 0 0 0 -1 0 0 1 1 0 2 0/0 12:25 0:00 0:00
Matthew Lombardi 0 0 0 -1 0 0 1 0 0 0 1/5 13:03 0:00 0:45
Oliver Ekman-Larsson 0 1 1 3 2 1 0 0 0 0 0/0 20:51 0:58 1:31
Randy Jones 0 0 0 -1 0 1 0 0 0 0 0/0 14:16 0:00 1:51
Tom Poti 0 1 1 3 0 1 0 1 0 0 0/0 21:26 0:58 2:05
Players Stats for Predators
Player Name G A P +/- PIM S H SB GA TA FO MP PP MP PK MP
------------------------------------------------------------------------------------
Adam Burish 0 0 0 -1 0 2 2 0 0 0 0/0 9:55 0:00 0:50
Alexander Edler 0 1 1 1 0 2 1 0 0 0 0/0 27:44 2:03 1:00
Alexander Ovechkin 0 2 2 0 0 3 1 0 1 0 1/4 22:05 3:12 0:21
Alexander Steen 0 1 1 -1 0 5 3 1 1 0 0/0 15:53 2:18 0:00
Andy Miele 0 0 0 -1 0 0 3 1 0 0 2/3 12:09 0:00 1:04
Barret Jackman 0 0 0 -2 0 0 0 0 0 0 0/0 10:17 0:00 0:00
Brett Clark 0 0 0 -1 0 0 2 0 0 1 0/0 11:46 0:00 1:03
Byron Bitz 0 0 0 -1 0 2 2 0 0 0 1/1 16:55 2:18 0:52
Dmitri Kalinin 0 0 0 -2 0 1 0 0 0 0 0/0 20:33 3:27 0:00
James Van Riemsdyk 0 1 1 -1 0 3 0 0 0 0 0/1 13:11 0:00 0:00
John Moore 0 0 0 -2 0 3 1 0 0 1 0/0 21:59 3:27 1:03
Justin Abdelkader 0 0 0 -1 0 0 2 0 0 1 0/1 9:20 0:00 0:00
Kris Vernarsky 0 0 0 0 0 1 0 1 0 0 1/4 2:58 0:00 0:11
Marc Savard 1 0 1 -1 0 2 1 1 1 0 2/5 13:34 0:00 0:00
Mikael Granlund 0 2 2 -2 2 0 4 0 0 0 6/13 20:24 3:12 0:48
Niclas Bergfors 2 0 2 0 0 4 3 0 1 1 1/3 21:44 3:12 0:00
Ryan Kesler 2 0 2 0 2 6 3 0 0 0 13/28 19:47 2:18 0:00
Ryan Mcdonagh 0 0 0 0 0 0 0 1 1 0 0/0 27:41 2:03 1:00
3 Stars
1 - Jakub Voracek (Phi)
2 - Niclas Bergfors (Nas)
3 - Kyle Wellwood (Phi)
Power Play
Flyers - 1 on 2 Attempt(s) - 50.00%
Predators - 3 on 5 Attempt(s) - 60.00%
Penalty Kill
Flyers - 2 on 5 Attempt(s) - 40.00%
- Score 0 goal in Penalty Kill
Predators - 1 on 2 Attempt(s) - 50.00%
- Score 0 goal in Penalty Kill
Team Stat
Flyers - Hits : 17 - Faceoff Wins : 36 - Blocked Shots : 9 - Penalty Minutes : 10
Predators - Hits : 28 - Faceoff Wins : 27 - Blocked Shots : 5 - Penalty Minutes : 4
Official
Referees : Lee Chris and StPierre Justin
Linesman : Ryan Galloway and Steve Miller
Game Notes
Kris Vernarsky is injured at 5:25 of 2nd period (Sprained Left Finger)
Chad Johnson enters game at 15:23 of 2nd period
Finance
Level 1 -- Attendance: 6000 (100.00%) -- Ticket Income $528,000
Level 2 -- Attendance: 4684 (93.68%) -- Ticket Income $252,936
Level 3 -- Attendance: 1871 (93.55%) -- Ticket Income $63,614
Level 4 -- Attendance: 3597 (89.93%) -- Ticket Income $93,522
Luxury Box -- Attendance: 824 (82.40%) -- Ticket Income $140,080
Game was played at the Wildcat center.
Total Attendance: 16976 (94.31%)
Total Ticket Income: $1,078,152
Other Income: $161,723
Total Income: $1,239,875
Flyers
5 vs 5 Forward
Center Left Wing Right Wing Time % Phy DF OF
1 Jeff Carter Dany Heatley Jaromir Jagr 40 1 2 2
2 Kyle Wellwood Drew Miller Jakub Voracek 30 1 2 2
3 Matthew Lombardi Chris Mcallister Brian McGrattan 20 1 2 2
4 Marcus Kruger J.T. Miller Mats Zuccarello 10 1 2 2
5 vs 5 Defense
Defense Defense Time % Phy DF OF
1 Jeff Woywitka Jonathan Ericsson 40 1 2 2
2 Oliver Ekman-Larsson Tom Poti 30 1 2 2
3 Matt Smaby Randy Jones 20 1 2 2
4 Jeff Woywitka Jonathan Ericsson 10 1 2 2
PowerPlay Forward
Center Left Wing Right Wing Time % Phy DF OF
1 Jeff Carter Dany Heatley Jaromir Jagr 60 1 2 2
2 Kyle Wellwood Drew Miller Jakub Voracek 40 1 2 2
PowerPlay Defense
Defense Defense Time % Phy DF OF
1 Jeff Woywitka Jonathan Ericsson 60 1 2 2
2 Oliver Ekman-Larsson Tom Poti 40 1 2 2
Penalty Kill 4 Players Forward
Center Wing Time % Phy DF OF
1 Jeff Carter Dany Heatley 60 1 2 2
2 Drew Miller Jaromir Jagr 40 1 2 2
Penalty Kill 4 Players Defense
Defense Defense Time % Phy DF OF
1 Jeff Woywitka Jonathan Ericsson 60 1 2 2
2 Oliver Ekman-Larsson Tom Poti 40 1 2 2
Penalty Kill - 3 Players Forward
Forward Time % Phy DF OF
1 Jeff Carter 60 1 2 2
2 Dany Heatley 40 1 2 2
Penalty Kill - 3 Players Defense
Defense Defense Time % Phy DF OF
1 Jeff Woywitka Jonathan Ericsson 60 1 2 2
2 Oliver Ekman-Larsson Tom Poti 40 1 2 2
4 vs 4 Forward
Center Wing Time % Phy DF OF
1 Jeff Carter Dany Heatley 60 1 2 2
2 Drew Miller Jaromir Jagr 40 1 2 2
4 vs 4 Defense
Defense Defense Time % Phy DF OF
1 Jeff Woywitka Jonathan Ericsson 60 1 2 2
2 Oliver Ekman-Larsson Tom Poti 40 1 2 2
Last Minutes Offensive
Center Left Wing Right Wing Defense Defense
Jeff Carter Dany Heatley Jaromir Jagr Jeff Woywitka Jonathan Ericsson
Last Minutes Defensive
Center Left Wing Right Wing Defense Defense
Jeff Carter Dany Heatley Jaromir Jagr Jeff Woywitka Jonathan Ericsson
Goaltenders
Starting : Cory Schneider
Backup : Steve Mason
Extra Forwards
Normal : Brian McGrattan, Chris Mcallister, Matthew Lombardi - PP : Brian McGrattan, Chris Mcallister - PK : Matthew Lombardi
Extra Defensemen
Normal : Matt Smaby, Randy Jones, Oliver Ekman-Larsson - PP : Matt Smaby - PK : Randy Jones, Oliver Ekman-Larsson
Penalty Shots
Jeff Carter, Dany Heatley, Drew Miller, Jaromir Jagr, Kyle Wellwood
Scratches
None
Predators
5 vs 5 Forward
Center Left Wing Right Wing Time % Phy DF OF
1 Ryan Kesler Alexander Ovechkin Niclas Bergfors 40 1 2 2
2 Mikael Granlund Alexander Steen Byron Bitz 30 1 2 2
3 Marc Savard James Van Riemsdyk Andy Miele 20 1 2 2
4 Kris Vernarsky Justin Abdelkader Adam Burish 10 1 2 2
5 vs 5 Defense
Defense Defense Time % Phy DF OF
1 Ryan Mcdonagh Alexander Edler 40 1 2 2
2 John Moore Dmitri Kalinin 30 1 2 2
3 Alexander Edler Brett Clark 20 1 2 2
4 Barret Jackman Ryan Mcdonagh 10 1 2 2
PowerPlay Forward
Center Left Wing Right Wing Time % Phy DF OF
1 Mikael Granlund Alexander Ovechkin Niclas Bergfors 60 0 0 5
2 Ryan Kesler Alexander Steen Byron Bitz 40 0 0 5
PowerPlay Defense
Defense Defense Time % Phy DF OF
1 John Moore Dmitri Kalinin 60 0 1 4
2 Ryan Mcdonagh Alexander Edler 40 0 1 4
Penalty Kill 4 Players Forward
Center Wing Time % Phy DF OF
1 Andy Miele Byron Bitz 60 1 2 2
2 Ryan Kesler Adam Burish 40 1 2 2
Penalty Kill 4 Players Defense
Defense Defense Time % Phy DF OF
1 Ryan Mcdonagh Alexander Edler 60 1 3 1
2 John Moore Brett Clark 40 1 3 1
Penalty Kill - 3 Players Forward
Forward Time % Phy DF OF
1 Byron Bitz 60 1 2 2
2 Adam Burish 40 1 2 2
Penalty Kill - 3 Players Defense
Defense Defense Time % Phy DF OF
1 Ryan Mcdonagh Alexander Edler 60 1 3 1
2 John Moore Brett Clark 40 1 3 1
4 vs 4 Forward
Center Wing Time % Phy DF OF
1 Alexander Ovechkin Niclas Bergfors 60 1 2 2
2 Ryan Kesler Byron Bitz 40 1 2 2
4 vs 4 Defense
Defense Defense Time % Phy DF OF
1 Ryan Mcdonagh Alexander Edler 60 1 2 2
2 John Moore Dmitri Kalinin 40 1 2 2
Last Minutes Offensive
Center Left Wing Right Wing Defense Defense
Marc Savard Alexander Ovechkin Niclas Bergfors Ryan Mcdonagh Alexander Edler
Last Minutes Defensive
Center Left Wing Right Wing Defense Defense
Marc Savard Adam Burish Byron Bitz Ryan Mcdonagh John Moore
Goaltenders
Starting : Viktor Fasth
Backup : Chad Johnson
Extra Forwards
Normal : James Van Riemsdyk, Justin Abdelkader, Marc Savard - PP : James Van Riemsdyk, Justin Abdelkader - PK : Adam Burish
Extra Defensemen
Normal : Brett Clark, Barret Jackman, Dmitri Kalinin - PP : Brett Clark - PK : Dmitri Kalinin, Ryan Mcdonagh
Penalty Shots
Alexander Ovechkin, Ryan Kesler, Niclas Bergfors, Andy Miele, Justin Abdelkader
Scratches
None
% Time on Ice - Flyers
Lines # - Real PCT - Wanted PCT - Time Play
Normal Forward
1 - 33% - 40% - 17:02
2 - 28% - 30% - 14:24
3 - 22% - 20% - 11:17
4 - 17% - 10% - 8:36
Normal Defense
1 - 36% - 40% - 18:22
2 - 35% - 30% - 17:52
3 - 24% - 20% - 12:25
4 - 5% - 10% - 2:40
PP Forward
1 - 60% - 60% - 1:14
2 - 40% - 40% - 0:49
PP Defense
1 - 53% - 60% - 1:05
2 - 47% - 40% - 0:58
PK Forward
1 - 74% - 60% - 4:02
2 - 26% - 40% - 1:24
PK Defense
1 - 62% - 60% - 3:21
2 - 38% - 40% - 2:05
PK3 Forward
1 - 100% - 60% - 0:04
2 - 0% - 40% - 0:00
PK3 Defense
1 - 100% - 60% - 0:04
2 - 0% - 40% - 0:00
44 Forward
1 - 0% - 60%
2 - 0% - 40%
44 Defense
1 - 0% - 60%
2 - 0% - 40%
Last Minute Offensive - 0:00
Last Minute Defensive - 1:08
Total
Forward - 60:00
Defense - 60:00
|
% Time on Ice - Predators
Lines # - Real PCT - Wanted PCT - Time Play
Normal Forward
1 - 34% - 40% - 17:35
2 - 26% - 30% - 13:35
3 - 22% - 20% - 11:05
4 - 18% - 10% - 9:05
Normal Defense
1 - 32% - 40% - 16:40
2 - 33% - 30% - 17:07
3 - 20% - 20% - 10:20
4 - 14% - 10% - 7:13
PP Forward
1 - 58% - 60% - 3:12
2 - 42% - 40% - 2:18
PP Defense
1 - 63% - 60% - 3:27
2 - 37% - 40% - 2:03
PK Forward
1 - 63% - 60% - 1:17
2 - 37% - 40% - 0:46
PK Defense
1 - 49% - 60% - 1:00
2 - 51% - 40% - 1:03
PK3 Forward
1 - 0% - 60%
2 - 0% - 40%
PK3 Defense
1 - 0% - 60%
2 - 0% - 40%
44 Forward
1 - 0% - 60%
2 - 0% - 40%
44 Defense
1 - 0% - 60%
2 - 0% - 40%
Last Minute Offensive - 1:07
Last Minute Defensive - 0:00
Total
Forward - 60:00
Defense - 60:00
|
Play by Play
1st period
0:01 of 1st period - Jeff Carter wins face-off versus Ryan Kesler in neutral zone.
0:16 of 1st period - Slapshot by Ryan Kesler.
0:16 of 1st period - Shot Misses the Net.
0:37 of 1st period - Snap shot by Jonathan Ericsson.
0:37 of 1st period - Stopped by Viktor Fasth with a rebound.
0:39 of 1st period - Snap shot by Drew Miller.
0:39 of 1st period - Shot Misses the Net.
0:57 of 1st period - Snap shot by Oliver Ekman-Larsson.
0:57 of 1st period - Shot Blocked by Alexander Steen.
1:25 of 1st period - Minor Penalty to Mikael Granlund for Holding.
1:26 of 1st period - Dany Heatley wins face-off versus Andy Miele in Predators zone.
1:27 of 1st period - Wrist shot by Jeff Carter.
1:27 of 1st period - Shot Blocked by Andy Miele.
1:29 of 1st period - Slapshot by Jeff Woywitka.
1:29 of 1st period - Deflect By Jaromir Jagr.
1:29 of 1st period - Goal by Jaromir Jagr - Flyers : 1 - Predators : 0.
1:30 of 1st period - Jeff Carter wins face-off versus Marc Savard in neutral zone.
1:30 of 1st period - Jeff Carter is hit by Marc Savard.
1:44 of 1st period - Wrist shot by Dany Heatley.
1:44 of 1st period - Deflect By Jeff Carter.
1:44 of 1st period - Shot Misses the Net.
1:44 of 1st period - Puck is out of play.
1:45 of 1st period - Kyle Wellwood wins face-off versus Ryan Kesler in Predators zone.
1:54 of 1st period - Snap shot by Drew Miller.
1:54 of 1st period - Shot Misses the Net.
1:56 of 1st period - Slapshot by Jonathan Ericsson.
1:56 of 1st period - Deflect By Alexander Edler.
1:56 of 1st period - Stopped by Viktor Fasth without a rebound.
1:57 of 1st period - Jeff Carter wins face-off versus Justin Abdelkader in Predators zone.
1:58 of 1st period - Snap shot by Jaromir Jagr.
1:58 of 1st period - Deflect By Dany Heatley.
1:58 of 1st period - Stopped by Viktor Fasth without a rebound.
1:59 of 1st period - Jeff Carter wins face-off versus Kris Vernarsky in Predators zone.
2:08 of 1st period - Slapshot by Adam Burish.
2:08 of 1st period - Stopped by Cory Schneider with a rebound.
2:10 of 1st period - Snap shot by Adam Burish.
2:10 of 1st period - Deflect By Kris Vernarsky.
2:10 of 1st period - Stopped by Cory Schneider with a rebound.
2:12 of 1st period - Slapshot by John Moore.
2:12 of 1st period - Deflect By Randy Jones.
2:12 of 1st period - Stopped by Cory Schneider with a rebound.
2:14 of 1st period - Snap shot by Dmitri Kalinin.
2:14 of 1st period - Deflect By Justin Abdelkader.
2:14 of 1st period - Shot Blocked by Matt Smaby.
2:14 of 1st period - Puck is out of play.
2:15 of 1st period - Kyle Wellwood wins face-off versus Ryan Kesler in Flyers zone.
2:29 of 1st period - Snap shot by Jakub Voracek.
2:29 of 1st period - Shot Misses the Net.
3:06 of 1st period - Tom Poti is hit by Justin Abdelkader and loses puck.
3:47 of 1st period - Snap shot by Jakub Voracek.
3:47 of 1st period - Goal by Jakub Voracek - Flyers : 2 - Predators : 0.
3:48 of 1st period - Jeff Carter wins face-off versus Ryan Kesler in neutral zone.
4:24 of 1st period - Snap shot by Jakub Voracek.
4:24 of 1st period - Stopped by Viktor Fasth without a rebound.
4:25 of 1st period - Marc Savard wins face-off versus Matthew Lombardi in Predators zone.
4:32 of 1st period - Snap shot by Marc Savard.
4:32 of 1st period - Goal by Marc Savard - Flyers : 2 - Predators : 1.
4:33 of 1st period - Jeff Carter wins face-off versus Ryan Kesler in neutral zone.
4:50 of 1st period - Slapshot by Jeff Carter.
4:50 of 1st period - Stopped by Viktor Fasth with a rebound.
5:34 of 1st period - Off-side.
5:35 of 1st period - Ryan Kesler wins face-off versus Jeff Carter in neutral zone.
6:02 of 1st period - Oliver Ekman-Larsson is hit by Alexander Steen and loses puck.
6:22 of 1st period - Minor Penalty to Jakub Voracek for Holding.
6:23 of 1st period - Mikael Granlund wins face-off versus Jeff Carter in Flyers zone.
6:25 of 1st period - Snap shot by Niclas Bergfors.
6:25 of 1st period - Goal by Niclas Bergfors - Flyers : 2 - Predators : 2.
6:26 of 1st period - Alexander Ovechkin wins face-off versus Jeff Carter in neutral zone.
6:37 of 1st period - Wrist shot by Dany Heatley.
6:37 of 1st period - Shot Misses the Net.
6:39 of 1st period - Slapshot by Jeff Woywitka.
6:39 of 1st period - Stopped by Viktor Fasth without a rebound.
6:40 of 1st period - Ryan Kesler wins face-off versus Drew Miller in Predators zone.
6:40 of 1st period - Ryan Kesler is hit by Kyle Wellwood.
7:01 of 1st period - Minor Penalty to Ryan Kesler for Holding.
7:02 of 1st period - Andy Miele wins face-off versus Jeff Carter in Predators zone.
9:01 of 1st period - Penalty to Ryan Kesler is over, Ryan Kesler is back on ice.
9:30 of 1st period - Wrist shot by Mats Zuccarello.
9:30 of 1st period - Stopped by Viktor Fasth without a rebound.
9:31 of 1st period - Kris Vernarsky wins face-off versus Marcus Kruger in Predators zone.
9:36 of 1st period - Slapshot by Ryan Mcdonagh.
9:36 of 1st period - Shot Blocked by Marcus Kruger.
10:19 of 1st period - Slapshot by Ryan Mcdonagh.
10:19 of 1st period - Shot Blocked by Brian McGrattan.
10:27 of 1st period - Wrist shot by Byron Bitz.
10:27 of 1st period - Shot Misses the Net.
10:41 of 1st period - Snap shot by Niclas Bergfors.
10:41 of 1st period - Stopped by Cory Schneider without a rebound.
10:42 of 1st period - Marcus Kruger wins face-off versus Ryan Kesler in Flyers zone.
10:44 of 1st period - Icing by Tom Poti.
10:45 of 1st period - Marcus Kruger wins face-off versus Ryan Kesler in Flyers zone.
10:54 of 1st period - Snap shot by J.T. Miller.
10:54 of 1st period - Stopped by Viktor Fasth without a rebound.
10:55 of 1st period - Dany Heatley wins face-off versus Mikael Granlund in Predators zone.
11:43 of 1st period - Wrist shot by Niclas Bergfors.
11:43 of 1st period - Shot Blocked by Chris Mcallister.
11:45 of 1st period - Wrist shot by Ryan Kesler.
11:45 of 1st period - Stopped by Cory Schneider with a rebound.
12:03 of 1st period - Oliver Ekman-Larsson is hit by Mikael Granlund and loses puck.
12:26 of 1st period - Icing by Alexander Steen.
12:27 of 1st period - Jeff Carter wins face-off versus Kris Vernarsky in Predators zone.
12:30 of 1st period - Wrist shot by Dany Heatley.
12:30 of 1st period - Stopped by Viktor Fasth without a rebound.
12:31 of 1st period - Jeff Carter wins face-off versus Kris Vernarsky in Predators zone.
12:36 of 1st period - Wrist shot by Dany Heatley.
12:36 of 1st period - Stopped by Viktor Fasth without a rebound.
12:37 of 1st period - Jeff Carter wins face-off versus Alexander Ovechkin in Predators zone.
12:38 of 1st period - Wrist shot by Dany Heatley.
12:38 of 1st period - Stopped by Viktor Fasth with a rebound.
13:04 of 1st period - Ryan Mcdonagh is hit by Jonathan Ericsson and loses puck.
13:31 of 1st period - John Moore is hit by Chris Mcallister and loses puck.
13:56 of 1st period - Slapshot by Dmitri Kalinin.
13:56 of 1st period - Stopped by Cory Schneider with a rebound.
14:41 of 1st period - Kyle Wellwood is hit by Byron Bitz.
14:44 of 1st period - Icing by Jakub Voracek.
14:45 of 1st period - Kyle Wellwood wins face-off versus Niclas Bergfors in Flyers zone.
15:12 of 1st period - Kyle Wellwood is hit by Brett Clark and loses puck.
15:35 of 1st period - John Moore is hit by Jaromir Jagr and loses puck.
16:38 of 1st period - Ryan Mcdonagh is hit by Jaromir Jagr and loses puck.
16:57 of 1st period - Snap shot by Byron Bitz.
16:57 of 1st period - Shot Blocked by Tom Poti.
16:59 of 1st period - Slapshot by Byron Bitz.
16:59 of 1st period - Deflect By Marcus Kruger.
16:59 of 1st period - Stopped by Cory Schneider without a rebound.
17:00 of 1st period - Niclas Bergfors wins face-off versus Marcus Kruger in Flyers zone.
17:03 of 1st period - Snap shot by Ryan Kesler.
17:03 of 1st period - Stopped by Cory Schneider with a rebound.
17:31 of 1st period - Wrist shot by Jeff Carter.
17:31 of 1st period - Shot Misses the Net.
17:33 of 1st period - Snap shot by Tom Poti.
17:33 of 1st period - Stopped by Viktor Fasth without a rebound.
17:34 of 1st period - Jeff Carter wins face-off versus Marc Savard in Predators zone.
17:35 of 1st period - Snap shot by Dany Heatley.
17:35 of 1st period - Goal by Dany Heatley - Flyers : 3 - Predators : 2.
17:36 of 1st period - Ryan Kesler wins face-off versus Jeff Carter in neutral zone.
17:51 of 1st period - Snap shot by Alexander Ovechkin.
17:51 of 1st period - Stopped by Cory Schneider without a rebound.
17:52 of 1st period - Kyle Wellwood wins face-off versus Marc Savard in Flyers zone.
18:30 of 1st period - Snap shot by James Van Riemsdyk.
18:30 of 1st period - Stopped by Cory Schneider with a rebound.
18:32 of 1st period - Snap shot by Marc Savard.
18:32 of 1st period - Deflect By Andy Miele.
18:32 of 1st period - Shot Misses the Net.
18:32 of 1st period - Puck is out of play.
18:33 of 1st period - Jeff Carter wins face-off versus Niclas Bergfors in Flyers zone.
18:48 of 1st period - Slapshot by Ryan Kesler.
18:48 of 1st period - Stopped by Cory Schneider without a rebound.
18:49 of 1st period - Mikael Granlund wins face-off versus Matthew Lombardi in Flyers zone.
18:58 of 1st period - Byron Bitz is hit by Chris Mcallister and loses puck.
19:09 of 1st period - Jonathan Ericsson is hit by Mikael Granlund and loses puck.
19:16 of 1st period - Byron Bitz is hit by Chris Mcallister.
19:41 of 1st period - Minor Penalty to Jeff Woywitka for Hooking.
19:42 of 1st period - Mikael Granlund wins face-off versus Jeff Carter in Flyers zone.
19:48 of 1st period - Snap shot by Niclas Bergfors.
19:48 of 1st period - Goal by Niclas Bergfors - Flyers : 3 - Predators : 3.
19:49 of 1st period - Ryan Kesler wins face-off versus Jeff Carter in neutral zone.
19:49 of 1st period - Ryan Kesler is hit by Jeff Carter.
19:53 of 1st period - Slapshot by Niclas Bergfors.
19:53 of 1st period - Shot Misses the Net.
19:55 of 1st period - Slapshot by Alexander Edler.
19:55 of 1st period - Stopped by Cory Schneider with a rebound.
Goals for this period are 3 for Flyers vs 3 for Predators.
Shots for this period are 15 for Flyers vs 15 for Predators.
2nd period
0:01 of 2nd period - Ryan Kesler wins face-off versus Jeff Carter in neutral zone.
0:11 of 2nd period - Icing by Jeff Carter.
0:12 of 2nd period - Jeff Carter wins face-off versus Ryan Kesler in Flyers zone.
0:12 of 2nd period - Jeff Carter is hit by Alexander Ovechkin.
1:00 of 2nd period - Matthew Lombardi is hit by Andy Miele and loses puck.
2:48 of 2nd period - Snap shot by Mats Zuccarello.
2:48 of 2nd period - Shot Misses the Net.
2:50 of 2nd period - Snap shot by Marcus Kruger.
2:50 of 2nd period - Stopped by Viktor Fasth with a rebound.
2:52 of 2nd period - Backhand shot by Mats Zuccarello.
2:52 of 2nd period - Stopped by Viktor Fasth without a rebound.
2:53 of 2nd period - Jeff Carter wins face-off versus Ryan Kesler in Predators zone.
2:54 of 2nd period - Slapshot by Dany Heatley.
2:54 of 2nd period - Stopped by Viktor Fasth without a rebound.
2:55 of 2nd period - Jeff Carter wins face-off versus Ryan Kesler in Predators zone.
3:02 of 2nd period - Dany Heatley is hit by Ryan Kesler and loses puck.
3:21 of 2nd period - Snap shot by Byron Bitz.
3:21 of 2nd period - Shot Misses the Net.
4:28 of 2nd period - Snap shot by Ryan Kesler.
4:28 of 2nd period - Shot Misses the Net.
5:04 of 2nd period - Slapshot by Alexander Ovechkin.
5:04 of 2nd period - Stopped by Cory Schneider with a rebound.
5:14 of 2nd period - Alexander Edler is hit by Dany Heatley and loses puck.
5:23 of 2nd period - Slapshot by Jeff Carter.
5:23 of 2nd period - Stopped by Viktor Fasth with a rebound.
5:25 of 2nd period - Snap shot by Jaromir Jagr.
5:25 of 2nd period - Shot Blocked by Kris Vernarsky.
5:25 of 2nd period - Kris Vernarsky from Predators is injured at 5:25 of 2nd period (Sprained Left Finger).
5:26 of 2nd period - Jaromir Jagr wins face-off versus Ryan Kesler in Predators zone.
6:02 of 2nd period - Alexander Steen is hit by Jakub Voracek and loses puck.
6:13 of 2nd period - Snap shot by Brian McGrattan.
6:13 of 2nd period - Stopped by Viktor Fasth without a rebound.
6:14 of 2nd period - Matthew Lombardi wins face-off versus James Van Riemsdyk in Predators zone.
7:09 of 2nd period - Snap shot by Alexander Steen.
7:09 of 2nd period - Stopped by Cory Schneider with a rebound.
7:11 of 2nd period - Wrist shot by Alexander Steen.
7:11 of 2nd period - Shot Misses the Net.
7:13 of 2nd period - Snap shot by Byron Bitz.
7:13 of 2nd period - Stopped by Cory Schneider with a rebound.
8:10 of 2nd period - Wrist shot by Adam Burish.
8:10 of 2nd period - Shot Blocked by Jeff Woywitka.
8:12 of 2nd period - Snap shot by James Van Riemsdyk.
8:12 of 2nd period - Shot Misses the Net.
8:25 of 2nd period - Icing by Dany Heatley.
8:26 of 2nd period - Byron Bitz wins face-off versus Jeff Carter in Flyers zone.
8:41 of 2nd period - Slapshot by Ryan Kesler.
8:41 of 2nd period - Stopped by Cory Schneider without a rebound.
8:42 of 2nd period - Kyle Wellwood wins face-off versus Mikael Granlund in Flyers zone.
8:42 of 2nd period - Kyle Wellwood is hit by Mikael Granlund.
8:50 of 2nd period - Wrist shot by Oliver Ekman-Larsson.
8:50 of 2nd period - Stopped by Viktor Fasth with a rebound.
8:52 of 2nd period - Snap shot by Jakub Voracek.
8:52 of 2nd period - Stopped by Viktor Fasth with a rebound.
8:54 of 2nd period - Snap shot by Jakub Voracek.
8:54 of 2nd period - Deflect By Kyle Wellwood.
8:54 of 2nd period - Goal by Kyle Wellwood - Flyers : 4 - Predators : 3.
8:55 of 2nd period - Ryan Kesler wins face-off versus Dany Heatley in neutral zone.
9:08 of 2nd period - Snap shot by Ryan Kesler.
9:08 of 2nd period - Shot Misses the Net.
9:10 of 2nd period - Snap shot by Alexander Ovechkin.
9:10 of 2nd period - Shot Blocked by Jeff Woywitka.
9:12 of 2nd period - Slapshot by Alexander Edler.
9:12 of 2nd period - Stopped by Cory Schneider without a rebound.
9:13 of 2nd period - Kyle Wellwood wins face-off versus Mikael Granlund in Flyers zone.
9:18 of 2nd period - Snap shot by Alexander Steen.
9:18 of 2nd period - Stopped by Cory Schneider with a rebound.
9:20 of 2nd period - Wrist shot by Alexander Steen.
9:20 of 2nd period - Stopped by Cory Schneider without a rebound.
9:21 of 2nd period - Mikael Granlund wins face-off versus Kyle Wellwood in Flyers zone.
9:24 of 2nd period - Snap shot by Alexander Steen.
9:24 of 2nd period - Stopped by Cory Schneider with a rebound.
9:41 of 2nd period - Off-side.
9:42 of 2nd period - Ryan Kesler wins face-off versus Jeff Carter in neutral zone.
9:45 of 2nd period - Jeff Carter is hit by Ryan Kesler and loses puck.
10:20 of 2nd period - Slapshot by Byron Bitz.
10:20 of 2nd period - Shot Misses the Net.
10:52 of 2nd period - Tom Poti is hit by Adam Burish and loses puck.
13:38 of 2nd period - Alexander Ovechkin is hit by J.T. Miller and loses puck.
13:57 of 2nd period - Matt Smaby is hit by Alexander Edler and loses puck.
14:22 of 2nd period - Matt Smaby is hit by Niclas Bergfors.
14:48 of 2nd period - James Van Riemsdyk is hit by Matthew Lombardi and loses puck.
15:21 of 2nd period - Wrist shot by Mats Zuccarello.
15:21 of 2nd period - Shot Misses the Net.
15:23 of 2nd period - Wrist shot by J.T. Miller.
15:23 of 2nd period - Deflect By Mats Zuccarello.
15:23 of 2nd period - Goal by Mats Zuccarello - Flyers : 5 - Predators : 3.
15:23 of 2nd period - Chad Johnson enters game.
15:24 of 2nd period - Jeff Carter wins face-off versus Ryan Kesler in neutral zone.
16:18 of 2nd period - Backhand shot by Brian McGrattan.
16:18 of 2nd period - Stopped by Chad Johnson with a rebound.
16:20 of 2nd period - Backhand shot by Matthew Lombardi.
16:20 of 2nd period - Shot Blocked by Marc Savard.
16:22 of 2nd period - Slapshot by Randy Jones.
16:22 of 2nd period - Stopped by Chad Johnson with a rebound.
17:13 of 2nd period - Off-side.
17:14 of 2nd period - Andy Miele wins face-off versus Matthew Lombardi in neutral zone.
17:25 of 2nd period - Wrist shot by James Van Riemsdyk.
17:25 of 2nd period - Stopped by Cory Schneider without a rebound.
17:26 of 2nd period - Ryan Kesler wins face-off versus Jeff Carter in Flyers zone.
17:43 of 2nd period - Slapshot by Niclas Bergfors.
17:43 of 2nd period - Stopped by Cory Schneider without a rebound.
17:44 of 2nd period - Kyle Wellwood wins face-off versus Mikael Granlund in Flyers zone.
17:51 of 2nd period - Slapshot by Drew Miller.
17:51 of 2nd period - Shot Misses the Net.
18:00 of 2nd period - Slapshot by John Moore.
18:00 of 2nd period - Stopped by Cory Schneider without a rebound.
18:01 of 2nd period - Ryan Kesler wins face-off versus Jeff Carter in Flyers zone.
18:02 of 2nd period - Snap shot by Alexander Ovechkin.
18:02 of 2nd period - Shot Blocked by Jaromir Jagr.
18:33 of 2nd period - Backhand shot by Oliver Ekman-Larsson.
18:33 of 2nd period - Shot Misses the Net.
18:39 of 2nd period - Snap shot by Alexander Steen.
18:39 of 2nd period - Stopped by Cory Schneider with a rebound.
18:51 of 2nd period - Slapshot by Oliver Ekman-Larsson.
18:51 of 2nd period - Shot Hit the Post.
19:01 of 2nd period - Slapshot by James Van Riemsdyk.
19:01 of 2nd period - Deflect By Chris Mcallister.
19:01 of 2nd period - Stopped by Cory Schneider with a rebound.
19:11 of 2nd period - Mikael Granlund is hit by Matt Smaby and loses puck.
19:34 of 2nd period - Snap shot by Ryan Kesler.
19:34 of 2nd period - Shot Misses the Net.
19:36 of 2nd period - Snap shot by Ryan Kesler.
19:36 of 2nd period - Goal by Ryan Kesler - Flyers : 5 - Predators : 4.
19:37 of 2nd period - Ryan Kesler wins face-off versus Jeff Carter in neutral zone.
Goals for this period are 2 for Flyers vs 1 for Predators.
Shots for this period are 11 for Flyers vs 14 for Predators.
3rd period
0:01 of 3rd period - Jeff Carter wins face-off versus Ryan Kesler in neutral zone.
1:06 of 3rd period - Brian McGrattan is hit by Mikael Granlund and loses puck.
1:23 of 3rd period - Snap shot by Brian McGrattan.
1:23 of 3rd period - Stopped by Chad Johnson with a rebound.
1:29 of 3rd period - Jeff Woywitka is hit by Adam Burish.
1:54 of 3rd period - Wrist shot by Adam Burish.
1:54 of 3rd period - Stopped by Cory Schneider without a rebound.
1:55 of 3rd period - Jeff Carter wins face-off versus Ryan Kesler in Flyers zone.
2:10 of 3rd period - Slapshot by Jeff Carter.
2:10 of 3rd period - Shot Misses the Net.
2:12 of 3rd period - Snap shot by Jaromir Jagr.
2:12 of 3rd period - Stopped by Chad Johnson with a rebound.
2:30 of 3rd period - Backhand shot by Ryan Mcdonagh.
2:30 of 3rd period - Shot Blocked by Kyle Wellwood.
2:32 of 3rd period - Wrist shot by Marc Savard.
2:32 of 3rd period - Stopped by Cory Schneider with a rebound.
3:45 of 3rd period - Oliver Ekman-Larsson is hit by John Moore and loses puck.
5:03 of 3rd period - Off-side.
5:04 of 3rd period - Ryan Kesler wins face-off versus Matthew Lombardi in neutral zone.
5:10 of 3rd period - Minor Penalty to Brian McGrattan for Boarding.
5:11 of 3rd period - Jeff Carter wins face-off versus Mikael Granlund in Flyers zone.
5:25 of 3rd period - Snap shot by Alexander Ovechkin.
5:25 of 3rd period - Stopped by Cory Schneider without a rebound.
5:26 of 3rd period - Jeff Carter wins face-off versus Mikael Granlund in Flyers zone.
5:45 of 3rd period - Jeff Carter is hit by Niclas Bergfors and loses puck.
6:06 of 3rd period - Slapshot by John Moore.
6:06 of 3rd period - Stopped by Cory Schneider with a rebound.
6:32 of 3rd period - Oliver Ekman-Larsson is hit by Ryan Kesler and loses puck.
7:10 of 3rd period - Penalty to Brian McGrattan is over, Brian McGrattan is back on ice.
7:31 of 3rd period - Matt Smaby is hit by Justin Abdelkader and loses puck.
9:18 of 3rd period - Jeff Woywitka is hit by Brett Clark and loses puck.
9:36 of 3rd period - Alexander Ovechkin is hit by Jonathan Ericsson.
9:50 of 3rd period - James Van Riemsdyk is hit by Chris Mcallister and loses puck.
10:43 of 3rd period - Adam Burish is hit by Marcus Kruger and loses puck.
10:56 of 3rd period - Matt Smaby is hit by Byron Bitz.
11:08 of 3rd period - Randy Jones is hit by Niclas Bergfors and loses puck.
11:45 of 3rd period - Snap shot by Brian McGrattan.
11:45 of 3rd period - Shot Misses the Net.
11:47 of 3rd period - Wrist shot by Jakub Voracek.
11:47 of 3rd period - Shot Hit the Post.
11:49 of 3rd period - Wrist shot by Jakub Voracek.
11:49 of 3rd period - Goal by Jakub Voracek - Flyers : 6 - Predators : 4.
11:50 of 3rd period - Jeff Carter wins face-off versus Alexander Ovechkin in neutral zone.
12:17 of 3rd period - Jeff Woywitka is hit by Andy Miele and loses puck.
12:24 of 3rd period - Backhand shot by Jonathan Ericsson.
12:24 of 3rd period - Stopped by Chad Johnson without a rebound.
12:25 of 3rd period - Mikael Granlund wins face-off versus Kyle Wellwood in Predators zone.
13:05 of 3rd period - Minor Penalty to Oliver Ekman-Larsson for Roughing.
13:06 of 3rd period - Jeff Carter wins face-off versus Mikael Granlund in Flyers zone.
13:58 of 3rd period - J.T. Miller is hit by Alexander Steen and loses puck.
14:27 of 3rd period - Minor Penalty to Jeff Woywitka for Hooking.
14:28 of 3rd period - Ryan Kesler wins face-off versus Jeff Carter in Flyers zone.
14:31 of 3rd period - Wrist shot by Ryan Kesler.
14:31 of 3rd period - Goal by Ryan Kesler - Flyers : 6 - Predators : 5.
14:32 of 3rd period - Mikael Granlund wins face-off versus Jeff Carter in neutral zone.
15:29 of 3rd period - Icing by Byron Bitz.
15:30 of 3rd period - Drew Miller wins face-off versus Ryan Kesler in Predators zone.
15:39 of 3rd period - Jonathan Ericsson is hit by Alexander Steen and loses puck.
16:27 of 3rd period - Penalty to Jeff Woywitka is over, Jeff Woywitka is back on ice.
16:50 of 3rd period - Snap shot by Matthew Lombardi.
16:50 of 3rd period - Shot Misses the Net.
16:52 of 3rd period - Slapshot by Oliver Ekman-Larsson.
16:52 of 3rd period - Shot Misses the Net.
16:54 of 3rd period - Slapshot by Dany Heatley.
16:54 of 3rd period - Stopped by Chad Johnson with a rebound.
16:56 of 3rd period - Slapshot by Dany Heatley.
16:56 of 3rd period - Stopped by Chad Johnson with a rebound.
16:58 of 3rd period - Snap shot by Jeff Woywitka.
16:58 of 3rd period - Stopped by Chad Johnson without a rebound.
16:59 of 3rd period - Kyle Wellwood wins face-off versus Alexander Ovechkin in Predators zone.
17:29 of 3rd period - Snap shot by Mats Zuccarello.
17:29 of 3rd period - Stopped by Chad Johnson with a rebound.
17:31 of 3rd period - Snap shot by J.T. Miller.
17:31 of 3rd period - Stopped by Chad Johnson without a rebound.
17:32 of 3rd period - Ryan Kesler wins face-off versus Kyle Wellwood in Predators zone.
17:32 of 3rd period - Ryan Kesler is hit by Jonathan Ericsson.
18:17 of 3rd period - Snap shot by Alexander Steen.
18:17 of 3rd period - Shot Misses the Net.
18:27 of 3rd period - Jakub Voracek is hit by Andy Miele and loses puck.
19:22 of 3rd period - Snap shot by Dany Heatley.
19:22 of 3rd period - Stopped by Chad Johnson without a rebound.
19:23 of 3rd period - Randy Carlyle call a timeout for Predators.
19:23 of 3rd period - Marc Savard wins face-off versus Jeff Carter in Predators zone.
19:37 of 3rd period - Snap shot by Jeff Woywitka.
19:37 of 3rd period - Shot Misses the Net.
19:45 of 3rd period - Snap shot by Dany Heatley.
19:45 of 3rd period - Shot Blocked by Ryan Mcdonagh.
19:47 of 3rd period - Wrist shot by Dany Heatley.
19:47 of 3rd period - Stopped by Chad Johnson with a rebound.
19:57 of 3rd period - Snap shot by Jeff Carter.
19:57 of 3rd period - Shot Misses the Net.
19:59 of 3rd period - Wrist shot by Jaromir Jagr.
19:59 of 3rd period - Stopped by Chad Johnson with a rebound.
Goals for this period are 1 for Flyers vs 1 for Predators.
Shots for this period are 12 for Flyers vs 5 for Predators.
Back to the Top